Map: Kairos Junction LE

Players

Weedmasta

  • Race: Protoss Protoss
  • League: Gold
  • Spawn Location: 5:00

Mesrob - Winner!

  • Race: Terran Terran
  • League: Gold
  • Spawn Location: 11:00

VOD

Have the link to the VOD?

Description

Time

  • Played on: Jan. 16, 2019, 12:19 p.m.
  • Length: 13:53
Show
View Real Time Build Order
Export as new Build Order

Weedmasta Protoss 

Build Orders:  

Get SALT Encoding   

  12  0:01  Probe  
  13  0:13  Probe  
  14  0:19  Pylon  
  14  0:25  Probe  
  15  0:39  Gateway  
  15  0:44  Probe  
  15  0:48  Assimilator  
  16  1:00  Probe  
  17  1:05  Pylon  
  17  1:12  Assimilator  
  17  1:13  Probe  
  18  1:27  Cybernetics Core  
  18  1:30  Probe  
  19  1:42  Probe  
  19  1:43  Gateway  
  20  1:49  Warp Gate  
  20  1:54  Probe  
  20  2:00  Adept  
  21  2:06  Probe  
  24  2:40  Gateway  
  24  2:42  Probe  
  24  2:43  Adept  
  24  2:44  Adept  
  29  2:56  Gateway  
  29  3:42  Adept  
  29  3:46  Pylon  
  31  3:50  Pylon  
  31  4:12  Adept x4  
  39  4:22  Pylon  
  39  4:25  Twilight Council  
  39  4:26  Robotics Facility  
  39  4:27  Probe  
  40  4:39  Probe  
  41  4:46  Stalker x4  
  49  4:53  Probe  
  50  5:09  Charge  
  50  5:12  Nexus  
  50  5:14  Pylon  
  50  5:17  Pylon  
  36  5:59  Pylon  
  34  6:06  Stalker x2  
  34  6:07  Stalker x2  
  34  6:08  Pylon  
  42  6:21  Gateway  
  42  6:22  Gateway  
  42  6:27  Gateway  
  42  6:32  Probe x2  
  44  6:38  Adept  
  46  6:44  Immortal  
  50  7:07  Probe x2  
  50  7:19  Probe, Gateway, Zealot x2  
  50  7:21  Immortal  
  59  7:40  Zealot x2  
  63  7:47  Probe x2  
  65  7:59  Probe  
  65  8:00  Warp Prism  
  65  8:05  Pylon  
  68  8:12  Zealot x2  
  72  8:14  Zealot  
  74  8:27  Pylon  
  74  8:28  Pylon  
  74  8:45  Zealot x4  
  74  8:46  Zealot x2  
  86  9:12  Zealot x3  
  86  9:13  Zealot x3  
  96  9:34  Zealot x2  
  96  9:35  Zealot  
  66  9:46  Blink  
  66  9:51  Zealot x3  
  60  9:57  Immortal  
  60  10:03  Probe x2  
  66  10:15  Assimilator, Probe x2  
  66  10:18  Assimilator  
  68  10:21  Templar Archives  
  68  10:23  Forge  
  68  10:27  Probe x2  
  70  10:32  Stalker x2  
  70  10:35  Stalker  
  76  10:39  Probe x2  
  78  10:53  Protoss Ground Weapons Level 1  
  78  11:00  Psionic Storm  
  78  11:04  Nexus  
  78  11:05  Pylon  
  78  11:07  Stalker  
  78  11:08  Pylon, Stalker  
  82  11:32  Stalker  
  82  11:37  Assimilator  
  82  11:38  Assimilator  
  84  11:50  Observer  
  85  11:59  Probe x2  
  87  12:02  Pylon, Stalker x4  
  95  12:11  Probe x2  
  97  12:17  Probe  
  98  12:23  Probe x2  
  98  12:29  Probe  
  75  12:45  Zealot x6  
  57  13:11  Zealot x2  
  57  13:12  Zealot x4  
  73  13:35  High Templar  
  73  13:38  Zealot x5  
Show
View Real Time Build Order
Export as new Build Order

Mesrob Terran - Winner!

Build Orders: Mech 

Get SALT Encoding   

  12  0:00  SCV  
  13  0:12  SCV  
  14  0:17  Supply Depot  
  14  0:24  SCV  
  15  0:38  SCV  
  15  0:41  Barracks  
  16  0:50  Refinery, SCV  
  17  1:03  SCV  
  18  1:15  SCV  
  19  1:29  Orbital Command  
  19  1:39  Command Center  
  19  1:40  Marine  
  20  1:54  Bunker  
  20  1:57  SCV  
  21  2:07  Factory  
  21  2:09  SCV  
  22  2:21  Supply Depot  
  22  2:34  Supply Depot  
  22  2:38  Barracks Tech Lab  
  22  2:39  SCV  
  22  2:44  Refinery  
  23  2:49  Engineering Bay  
  23  2:51  SCV  
  23  2:57  Supply Depot  
  24  2:58  Orbital Command  
  24  3:03  SCV  
  25  3:11  Siege Tank  
  28  3:15  SCV  
  29  3:30  Supply Depot, Missile Turret  
  29  3:33  SCV  
  30  3:38  Missile Turret  
  30  3:45  Siege Tank, SCV  
  34  3:53  SCV  
  35  3:59  Missile Turret  
  35  4:02  Missile Turret  
  35  4:08  SCV  
  36  4:12  SCV  
  36  4:16  Refinery  
  37  4:20  SCV  
  38  4:24  Factory, Missile Turret, SCV  
  38  4:26  Factory  
  39  4:33  SCV  
  39  4:36  SCV  
  41  4:38  Missile Turret  
  41  4:40  Marine  
  41  4:45  Siege Tank  
  45  4:46  Missile Turret  
  45  4:49  SCV  
  46  5:01  SCV  
  46  5:06  Armory  
  47  5:13  SCV  
  48  5:26  SCV  
  41  5:56  Missile Turret  
  41  6:11  Command Center, SCV  
  42  6:12  SCV  
  43  6:18  Factory Reactor  
  43  6:19  Factory Reactor  
  43  6:22  Terran Vehicle Weapons Level 1  
  43  6:23  SCV  
  43  6:24  SCV  
  45  6:28  Supply Depot  
  45  6:35  SCV  
  45  6:36  SCV  
  47  6:47  SCV  
  47  6:48  SCV  
  47  6:50  Supply Depot  
  49  6:59  SCV  
  50  7:05  Command Center  
  50  7:21  Hellbat x2, Hellion  
  50  7:22  Hellbat, Thor  
  64  7:30  Refinery  
  64  7:42  Command Center  
  64  7:43  Factory  
  64  7:45  Factory  
  64  7:53  Supply Depot  
  64  8:08  SCV  
  64  8:09  SCV  
  66  8:18  Supply Depot  
  66  8:20  Planetary Fortress  
  66  8:21  SCV x2  
  66  8:25  Refinery  
  68  8:28  Factory Reactor  
  68  8:29  Factory Tech Lab  
  68  8:30  Factory  
  68  8:33  SCV x2  
  72  8:34  Hellion  
  72  8:35  Hellbat x2, Factory  
  72  8:36  Hellbat, Thor  
  84  8:45  SCV  
  85  8:49  Refinery  
  85  8:52  Supply Depot  
  85  8:56  Sensor Tower  
  85  8:57  Refinery  
  85  8:58  SCV  
  85  8:59  SCV x2  
  85  9:00  SCV  
  89  9:10  SCV  
  89  9:11  SCV  
  89  9:15  Factory Tech Lab  
  89  9:16  Supply Depot  
  91  9:18  Thor  
  91  9:19  Hellbat x4  
  91  9:20  Hellbat  
  91  9:22  Refinery  
  99  9:39  Supply Depot  
  99  9:41  Thor  
  99  9:43  Hellbat x3  
  90  10:02  Supply Depot  
  90  10:08  SCV  
  90  10:09  SCV x2  
  93  10:14  Hellion  
  93  10:17  Factory Tech Lab  
  93  10:20  SCV  
  95  10:21  SCV x2  
  96  10:33  Command Center, SCV x3  
  99  10:45  SCV x3  
  102  11:01  Thor  
  102  11:03  Terran Vehicle And Ship Armor Level 1  
  108  11:46  SCV  
  107  11:48  Planetary Fortress  
  107  11:49  SCV  
  107  11:50  SCV  
  109  11:58  SCV  
  110  12:02  SCV  
  110  12:03  Thor x3  
  110  12:04  Thor  
  110  12:05  Hellbat x4  
  110  12:06  Hellbat x2  
  147  12:32  Supply Depot  
  135  12:46  Thor x3  
  147  12:54  Supply Depot  
  140  13:07  Thor  
  140  13:08  Hellbat x4  
  140  13:09  Hellbat x2  
  158  13:18  Supply Depot  
  164  13:42  Supply Depot  
Tags
 
Composition
Mech
League
GoldGold
Matchup
PvT
Replay Pack
sc2 replays
Spawn Locations
Cross Positions
Add a new tag
Caveats
  • Supply blocks, unpowered buildings, or Contaminate may cause inaccurate times.
  • Supply counts are checked every 10 seconds.